 Dungeon Crawl Stone Soup version 0.30-a0-159-g068b764562 (webtiles) character file.

Game seed: 1455813787387026427

3394 Anon1729 the Nimble (level 10, -8/80 HPs)
             Began as a Merfolk Monk on Sept 27, 2022.
             Was an Initiate of Gozag.
             Mangled by a hornet (15 damage)
             ... on level 7 of the Dungeon.
             The game lasted 00:14:27 (11277 turns).

Anon1729 the Nimble (Merfolk Monk)                 Turns: 11277, Time: 00:14:28

Health: -8/80      AC:  7    Str: 12    XL:     10   Next: 4%
Magic:  10/10      EV: 19    Int:  9    God:    Gozag
Gold:   1507       SH:  0    Dex: 21    Spells: 9/9 levels left

rFire   + . .      SeeInvis .    a - +0 falchion
rCold   . . .      Faith    .    (no shield)
rNeg    . . .      Spirit   .    l - +0 leather armour {rF+}
rPois   .          Reflect  .    m - +2 hat
rElec   .          Harm     .    (no cloak)
rCorr   +          Rampage  .    p - +0 pair of gloves
Will    .....                    x - +0 pair of boots
Stlth   ++++......               u - amulet of the acrobat
HPRegen 0.23/turn                I - ring of resist corrosion
MPRegen 0.12/turn                (no ring)

@: lethally poisoned (-8 -> -13), slowed, very slow
A: (nimble swimmer 2), mertail
a: Renounce Religion, Potion Petition, Call Merchant, Bribe Branch


You were on level 7 of the Dungeon.
You worshipped Gozag.
Gozag was most pleased with you.
You visited 1 branch of the dungeon, and saw 7 of its levels.
You also visited: Ossuary.

You collected 1507 gold pieces.

Inventory:

Hand Weapons
 a - a +0 falchion (weapon)
 F - the +4 dagger of Wonderful Expedience {vorpal, rF- rN+++ Stlth-}
   (You found it on level 5 of the Dungeon)

   It inflicts extra damage upon your enemies.
   rF:        It makes you vulnerable to fire.
   rN:        It renders you almost immune to negative energy.
   Stlth:     It makes you less stealthy.
Missiles
 z - 2 curare-tipped darts
Armour
 b - a +0 robe
 l - a +0 leather armour of fire resistance (worn)
 m - a +2 hat (worn)
 p - a +0 pair of gloves (worn)
 x - a +0 pair of boots (worn)
Magical Staves
 t - a staff of poison
Jewellery
 u - an amulet of the acrobat (around neck)
 I - a ring of resist corrosion (left hand)
Wands
 B - a wand of acid (4)
Scrolls
 c - 2 scrolls of torment
 e - a scroll of fear
 f - 3 scrolls of immolation
 g - 5 scrolls of teleportation
 i - 3 scrolls of blinking
 k - 2 scrolls of magic mapping
 o - 3 scrolls of vulnerability
 v - 2 scrolls of summoning
 w - a scroll of poison
 y - a scroll of noise
 G - a scroll of fog
 H - 2 scrolls of enchant weapon
Potions
 d - 2 potions of invisibility
 h - 2 potions of berserk rage {unknown}
 j - 2 potions of might {unknown}
 n - 2 potions of magic {unknown}
 q - 2 potions of heal wounds {unknown}
 r - a potion of cancellation {unknown}
 s - 2 potions of ambrosia
 A - 2 potions of curing
 C - 2 potions of lignification
 D - 2 potions of attraction {unknown}
 E - a potion of flight {unknown}
 J - 5 potions of haste {unknown}


   Skills:
 + Level 8.3 Fighting
 + Level 9.1 Long Blades
 + Level 10.0 Dodging
 + Level 8.7 Stealth


You had 9 spell levels left.
You didn't know any spells.
Your spell library contained the following spells:

 Spells                   Type           Power      Damage    Failure   Level
 Slow                     Hex            0%         N/A       45%         1
 Sting                    Tmut/Pois      0%         1d3       45%         1
 Confusing Touch          Hex            0%         N/A       83%         3
 Summon Guardian Golem    Hex/Summ       0%         N/A       83%         3
 Vampiric Draining        Necr           0%         2d6       83%         3
 Orb of Destruction       Conj           0%         9d5       100%        7
 Spellforged Servitor     Conj/Summ      0%         N/A       100%        7


Dungeon Overview and Level Annotations

Branches:
Dungeon (7/15)             Temple (0/1) D:7         Ossuary (visited)

Altars:
Gozag

Annotations:
D:2 Sigmund


Innate Abilities, Weirdness & Mutations

((You are very nimble when in or above water. (Stealth+, EV+, Speed+++)))
Your lower body shifts to a powerful aquatic tail in water.


Message History

The hornet is almost dead.
You feel sick. The hornet misses you. The hornet barely misses you.
You barely miss the hornet.
The hornet is almost dead.
You feel sick.
You are no longer poisoned.
The hornet closely misses you. The hornet stings you.
* * * LOW HITPOINT WARNING * * *
You feel as though you will be slow longer.
You completely miss the hornet.
The hornet is almost dead.
The hornet misses you. The hornet completely misses you.
You barely miss the hornet.
The hornet is almost dead.
You feel yourself speed up. The hornet stings you.
* * * LOW HITPOINT WARNING * * *
You are poisoned.
You feel yourself slow down. The hornet stings you.
* * * LOW HITPOINT WARNING * * *
You feel as though you will be slow longer.
You closely miss the hornet.
The hornet is almost dead.
You feel very sick. The hornet stings you.
* * * LOW HITPOINT WARNING * * *
You feel as though you will be slow longer.
The hornet stings you.
* * * LOW HITPOINT WARNING * * *
You feel as though you will be slow longer.
Aiming: Corrosive Bolt
Press: ? - help, Shift-Dir - straight line, f/p - hornet
Aim: a hornet (almost dead, covered in acid, 57% to hit)
The bolt of acid misses the hornet.
* * * LOW HITPOINT WARNING * * *
You feel sick.
The hornet stings you but does no damage.
The hornet stings you!
You die...
Your body crumbles into a pile of gold.

.........#### #.#
............. #####.#
............. #....[#
............. #.#####
.....#....... #.#
#....#.....## #.#
####.#.....# #.#
.......#...#####.###.#
.......+........@....#
.......#...#####y#####
.......#...# #..
.......#...# ####
.......#...###
.............#
.............###
...............#
####..#......#.#


You could see a hornet (corroded).

Vanquished Creatures
  A komodo dragon (D:6)
  Grinder (D:4)
  Prince Ribbit (D:5)
  A slime creature (D:6)
  A steam dragon (D:7)
  Menkaure (Ossuary)
  3 black bears (D:5)
  An orc warrior (D:7)
  2 ogres (D:4)
  5 centaurs
  A kobold brigand (D:6)
  2 necrophages
  3 scorpions
  2 howler monkeys
  6 jellies
  A hound (D:5)
  An orc priest (D:3)
  A gnoll bouda (D:7)
  5 iguanas
  Ijyb (D:4)
  4 orc wizards
  Natasha (twice) (D:2)
  3 mummies (Ossuary)
  12 adders
  4 gnolls
  A white imp (D:6)
  3 worms
  2 dart slugs (D:1)
  16 orcs
  22 endoplasms
  5 giant cockroaches
  2 gnoll zombies (Ossuary)
  10 goblins
  7 hobgoblins
  8 jackals
  12 kobolds
  A quokka (D:2)
  5 ball pythons
  10 bats
  4 frilled lizards
  4 gnoll skeletons (Ossuary)
  4 goblin skeletons (Ossuary)
  8 goblin zombies
  6 hobgoblin skeletons (Ossuary)
  6 hobgoblin zombies (Ossuary)
  2 kobold skeletons (Ossuary)
  3 kobold zombies (Ossuary)
  4 orc skeletons (Ossuary)
  4 orc zombies (Ossuary)
  6 rats
  5 rat skeletons (Ossuary)
  4 rat zombies (Ossuary)
229 creatures vanquished.

Vanquished Creatures (others)
  12 fungi
  2 plants (D:2)
14 creatures vanquished.

Grand Total: 243 creatures vanquished

Notes
Turn   | Place    | Note
-------+----------+-------------------------------------------
     0 | D:1      | Anon1729 the Merfolk Monk began the quest for the Orb.
     0 | D:1      | Reached XP level 1. HP: 18/18 MP: 1/1
   266 | D:2      | Reached XP level 2. HP: 24/24 MP: 2/2
   430 | D:2      | Noticed Sigmund
   826 | D:3      | Reached XP level 3. HP: 27/29 MP: 3/3
  1464 | D:3      | Reached XP level 4. HP: 16/37 MP: 4/4
  1728 | D:3      | Reached skill level 5 in Dodging
  2099 | D:3      | Reached XP level 5. HP: 25/42 MP: 5/5
  3290 | D:2      | Found a faded altar of an unknown god.
  3308 | D:2      | Got Plato's Octavo of the Snake
  3343 | D:2      | Prayed at the altar of an unknown god.
  3343 | D:2      | Became a worshipper of Gozag Ym Sagoz the Greedy
  3501 | D:2      | Reached skill level 5 in Long Blades
  3708 | D:2      | Reached XP level 6. HP: 49/49 MP: 6/6
  3881 | D:2      | Noticed Natasha
  3890 | D:2      | Killed Natasha
  3952 | D:2      | Noticed Natasha
  3968 | D:2      | Killed Natasha
  4836 | D:4      | Reached skill level 6 in Dodging
  5050 | D:4      | Reached skill level 5 in Fighting
  5050 | D:4      | Reached XP level 7. HP: 56/56 MP: 7/7
  5278 | D:5      | Entered Level 5 of the Dungeon
  5279 | D:5      | Noticed Ijyb
  5298 | D:5      | Noticed Grinder
  5344 | D:4      | Killed Grinder
  5345 | D:4      | Reached skill level 5 in Stealth
  5589 | D:4      | Killed Ijyb
  5711 | D:5      | Reached skill level 7 in Dodging
  5711 | D:5      | Reached XP level 8. HP: 21/64 MP: 8/8
  6269 | D:5      | Noticed Prince Ribbit
  6299 | D:5      | Killed Prince Ribbit
  6300 | D:5      | Reached skill level 8 in Dodging
  6668 | D:5      | Reached XP level 9. HP: 60/71 MP: 9/9
  6731 | D:5      | Identified the +4 dagger of Wonderful Expedience {vorpal,
                  | rF- rN+++ Stlth-}
  7972 | D:6      | Noticed a komodo dragon
  7987 | D:6      | Killed a komodo dragon
  7988 | D:6      | Reached skill level 9 in Dodging
  9412 | D:7      | Found a staircase to the Ecumenical Temple.
  9481 | D:7      | Found a sand-covered staircase.
  9755 | Ossuary  | Entered an ossuary
 10193 | Ossuary  | Noticed Menkaure
 10198 | Ossuary  | Killed Menkaure
 10943 | D:7      | Reached XP level 10. HP: 75/80 MP: 10/10
 11007 | D:7      | Reached skill level 10 in Dodging
 11266 | D:7      | Paralysed by a hornet for 3 turns
 11277 | D:7      | Mangled by a hornet

Illustrated notes

Levels and vault maps discovered:
D:1:      dpeg_arrival_line_fractal, layout_basic, dreamdust_wishing_well,
          minmay_bisected
D:2:      minmay_spotlight, layout_basic, shapermc_ecumenical_altar_rom_forum,
          uniq_natasha, uniq_sigmund
D:3:      layout_loops_ring, dk_noncrumbling_4, minmay_increasing_density
D:4:      layout_rooms
D:5:      layout_rooms, uniq_ijyb, uniq_grinder, uniq_prince_ribbit1
D:6:      lemuel_slime, layout_cave_pods, kennysheep_big_empty_room
D:7:      layout_basic, minmay_temple_entry_hall, enter_ossuary_4,
          minmay_misc_feat_ornament

Skill      XL: |  1  2  3  4  5  6  7  8  9 10 |
---------------+-------------------------------+-----
Long Blades    | 4 5 6 7 9 |  9.1
Stealth        | 3 4 5 7 8 |  8.7
Fighting       | 4 5 6 8 |  8.3
Dodging        | 5 6 7 8 9 10 | 10.0

Action                   |  1- 3 |  4- 6 |  7- 9 | 10-12 || total
-------------------------+-------+-------+-------+-------++-------
Melee: Falchion          |    61 |   263 |   542 |    30 ||   896
       Punch             |       |     6 |    13 |       ||    19
Throw: Dart              |       |     1 |    10 |       ||    11
Evoke: Wand              |       |       |     5 |     2 ||     7
  Use: Potion            |     1 |     1 |     1 |       ||     3
       Scroll            |       |       |    14 |       ||    14
 Stab: Sleeping          |     5 |    14 |     7 |     1 ||    27
       Distracted        |     1 |     1 |     5 |       ||     7
       Invisible         |       |     2 |       |       ||     2
Armor: Robe              |    14 |    11 |       |       ||    25
       Leather armour    |       |    47 |   123 |    11 ||   181
       Skin              |       |       |    14 |       ||    14
Dodge: Dodged            |    64 |   169 |   410 |    60 ||   703

Table legend: (Time is in decaauts)
 A = Elapsed time spent in this place.
 B = Non-inter-level travel time spent in this place.
 C = Inter-level travel time spent in this place.
 D = Time resting spent in this place.
 E = Time spent auto-exploring this place.
 F = Levels seen in this place.
 G = Mean time per level.
                   A        B        C        D        E       F      G
               +--------+--------+--------+--------+--------+-----+--------+
         Total |  11259 |  11052 |    207 |   2284 |   6740 |   8 | 1407.4 |
       Dungeon |  10570 |  10363 |    207 |   2284 |   6298 |   7 | 1510.0 |
       Ossuary |    689 |    689 |      0 |      0 |    442 |   1 |  689.0 |
               +--------+--------+--------+--------+--------+-----+--------+

Top non-repeatable levels by time:
     D:6: 2432 daAuts
     D:3: 2418 daAuts
     D:5: 1407 daAuts
     D:2: 1373 daAuts
     D:4: 1192 daAuts
     D:7: 1033 daAuts
     D:1: 711 daAuts
 Ossuary: 689 daAuts
